cohdb
Replays
Latest Replays
All Replays
Popular Replays
Top Player Replays
Match Explorer
How It Works
Community
CoH3 Stats
Reddit
Sign in to upload your games and track your stats! →
Sign in with Steam
Match 42721935
Unlisted
Match 42721935
Overview
Messages
Build Orders
End
Construct Barracks
Selects Heavy Weapons
Scout Squad
Riflemen Squad
M1 Mortar Team
Riflemen Squad
Selects M2HB .50cal Heavy Machine Gun
Air Support Center
Construct Weapon Support Center
P-47 Strafing Run
M1919 Machine Gun Team
Grenade Package
M3 Armored Personnel Carrier
Selects Gallant Stand
Chimaera _♧_♤
Mr Seacucumber
ManFrau
MindfulRaptor
nispe
idjTO0rxIlnnmm
0
0
Comments
sign in to comment!
No comments posted yet!